Map: Rifts to Korhal

Players

MattBarry

  • Race: Terran Terran
  • Spawn Location: 7:00

MattBarry

  • Race: Zerg Zerg
  • Spawn Location: 7:00

VOD

Have the link to the VOD?

Description

Time

  • Played on: Jan. 4, 2023, 2:10 a.m.
  • Length: 17:11
Show
View Real Time Build Order
Export as new Build Order

MattBarry Terran 

Build Orders:  

Get SALT Encoding   

  12  0:04  SCV  
  13  0:21  SCV  
  14  0:31  Refinery  
  14  0:38  SCV  
  15  0:51  Barracks  
  15  0:55  SCV  
  16  1:12  SCV  
  17  1:21  Refinery  
  17  1:29  SCV  
  18  1:49  SCV  
  19  2:06  SCV  
  20  2:23  SCV  
  21  2:41  SCV  
  21  2:47  Barracks Tech Lab  
  22  2:57  SCV  
  23  3:13  Hellbat Rangers  
  27  3:26  SCV  
  28  3:56  SCV  
  28  3:59  Engineering Bay  
  29  4:19  Factory  
  29  4:34  Ghost Visor  
  29  4:36  SCV  
  30  5:47  Starport  
  30  5:48  Factory Tech Lab  
  30  5:54  Suppression Shells  
  30  6:28  SCV  
  31  6:45  SCV  
  31  6:48  Starport Tech Lab  
  32  6:54  Command Center  
  32  7:00  Spec Ops Ghost  
  36  7:36  Terran Infantry Weapons Level 1  
  36  7:47  Advanced Cloaking Field  
  32  9:30  SCV  
  32  9:31  SCV  
  32  9:36  Refinery  
  34  9:44  Spec Ops Ghost  
  34  9:47  SCV x2  
  40  10:04  SCV  
  41  10:11  SCV  
  41  10:18  Refinery  
  42  10:21  Terran Infantry Armor Level 1, SCV  
  42  10:28  SCV  
  44  10:38  SCV  
  43  12:01  Armory  
  43  12:03  SCV x2  
  43  12:06  Instant Regeneration  
  43  12:20  SCV x2  
  43  12:32  Raven Type-II  
  45  12:47  Spec Ops Ghost  
  49  13:06  Terran Infantry Weapons Level 2  
  49  13:15  SCV  
  49  13:16  SCV  
  51  13:32  SCV  
  51  13:33  SCV  
  53  15:42  Griffin Airstrike  
  53  16:05  Raven Type-II  
  55  16:56  Covert Banshee  
Show
View Real Time Build Order
Export as new Build Order

MattBarry Zerg 

Build Orders:  

Get SALT Encoding   

  6  0:10  Drone x2  
  6  0:18  Drone x2  
  8  0:27  Drone x2  
  9  0:39  Overlord  
  9  0:49  Drone x2  
  10  1:10  Spawning Pool  
  10  1:15  Drone x2  
  10  1:27  Drone x2  
  10  1:29  Drone x2  
  12  1:41  Extractor  
  12  1:44  Drone x2  
  12  1:48  Drone x2, Extractor  
  13  1:55  Drone x2  
  14  2:01  Drone x2  
  15  2:12  Queen  
  15  2:18  Zergling x2  
  17  2:20  Zergling x2  
  17  2:29  Zergling x4  
  20  2:43  Overlord  
  20  2:47  Zergling x2  
  21  2:58  Evolution Chamber  
  18  3:10  Zergling x4  
  18  3:57  Zergling x2  
  18  3:58  Zergling x4  
  18  3:59  Zergling x4  
  23  4:19  Queen  
  24  4:21  Overlord  
  24  4:23  Drone x2  
  25  5:13  Hatchery  
  24  5:38  Evolution Chamber  
  23  5:46  Baneling Nest  
  18  6:00  Zergling x2  
  18  6:01  Zergling x12  
  23  6:31  Queen  
  23  6:33  Unknown  
  23  6:37  Heroic Fortitude  
  24  6:47  Overlord x2  
  24  6:48  Zergling x4  
  24  6:49  Zergling x6  
  29  6:50  Zergling x4  
  29  6:56  Queen  
  32  7:04  Drone x6  
  32  7:05  Drone x4  
  32  7:06  Centrifugal Hooks  
  37  7:21  Queen  
  38  7:36  Hatchery  
  38  7:37  Zerg Ground Armor Level 1  
  38  8:14  Queen  
  39  8:21  Spore Crawler  
  39  8:24  Spine Crawler  
  38  8:30  Spine Crawler  
  38  8:33  Lair  
  37  8:48  Hatchery  
  37  9:00  Extractor  
  37  9:04  Queen  
  37  9:12  Zergling x8  
  37  9:13  Zergling x22  
  52  9:25  Metabolic Boost  
  52  9:50  Zergling x12  
  52  9:51  Zergling x14  
  64  10:21  Drone x4  
  64  10:22  Drone x6  
  64  10:25  Drone x2  
  32  11:08  Zergling x2  
  32  11:09  Zergling x14  
  37  11:10  Zergling x18  
  46  11:42  Scourge Nest  
  46  11:56  Extractor  
  40  12:10  Zergling x2  
  40  12:11  Zergling x24  
  40  12:12  Zergling x8  
  43  12:32  Hatchery  
  43  12:33  Unknown  
  41  12:41  Aberration  
  41  12:47  Baneling x2  
  41  12:48  Baneling x3  
  41  12:49  Baneling x2  
  44  12:51  Baneling  
  44  12:53  Baneling  
  44  12:54  Baneling  
  44  12:55  Baneling  
  44  12:56  Baneling  
  44  12:57  Baneling  
  44  12:58  Baneling  
  48  13:00  Baneling  
  48  13:01  Baneling  
  48  13:06  Unknown  
  48  13:07  Unknown  
  48  13:10  Unknown, Zerg Ground Armor Level 2  
  48  13:46  Zergling x10  
  48  13:47  Zergling x16  
  59  14:07  Scourge x10  
  28  15:06  Aberration  
  28  15:07  Zergling x2, Aberration x6  
  28  15:09  Zergling x2  
  50  15:11  Zergling x2  
  47  15:41  Overlord x3  
  47  15:42  Overlord x2  
  47  15:48  Overseer  
  47  15:49  Overseer  
  41  16:14  Zergling x2  
  41  16:15  Zergling x2  
  41  16:16  Zergling x2  
  50  16:23  Drone x2  
  50  16:25  Drone x2  
  50  16:28  Unknown  
  50  16:29  Unknown x2  
Tags
 
Commander
NovaZagara
Matchup
Co-op
Replay Pack
Multiplayer
Add a new tag
Caveats
  • Supply blocks, unpowered buildings, or Contaminate may cause inaccurate times.
  • Supply counts are checked every 10 seconds.